 Dungeon Crawl Stone Soup version 0.24.0-123-gd5b16e6ec5 (webtiles) character file.

Game seed: 1220034159711553260, levelgen mode: deterministic

891 greedy the Cudgeler (level 7, -5/50 HPs)
             Began as a Demonspawn Gladiator on Jan 4, 2020.
             Slain by a centaur (8 damage)
             ... on level 5 of the Dungeon.
             The game lasted 00:19:37 (4251 turns).

greedy the Cudgeler (Demonspawn Gladiator)          Turns: 4251, Time: 00:19:37

Health: -5/50      AC:  4    Str: 16 (18) XL:     7   Next: 78%
Magic:  7/7        EV: 15    Int:  6 (9)  God:
Gold:   251        SH:  0    Dex: 16 (17) Spells: 6/6 levels left

rFire    . . .     SeeInvis .   v - +2 whip (elec)
rCold    + . .     Gourm    .   (no shield)
rNeg     . . .     Faith    .   (no armour)
rPois    .         Spirit   .   c - +0 helmet
rElec    .         Reflect  +   (no cloak)
rCorr    .         Harm     .   (no gloves)
MR       .....                  (boots unavailable)
Stlth    +.........             A - +4 amulet of reflection
HPRegen  0.16/turn              s - +4 ring of strength
MPRegen  0.10/turn              u - ring of wizardry

@: confused, flying
A: hooves 3, molten scales 2, cold resistance 1, deformed body, wild magic 2, no
potion heal 1
a: no special abilities


You were on level 5 of the Dungeon.
You were very hungry.

You visited 1 branch of the dungeon, and saw 5 of its levels.

You collected 251 gold pieces.

Inventory:

Hand Weapons
 a - a +0 quarterstaff
 v - a +2 whip of electrocution (weapon)
 C - a +0 dire flail of crushing
Missiles
 d - 2 throwing nets (quivered)
Armour
 b - a +0 leather armour
 c - a +0 helmet (worn)
 o - a +0 hat
 p - a +0 ring mail
Jewellery
 h - a +3 ring of intelligence
 s - a +4 ring of strength (left hand)
 t - an uncursed ring of see invisible
 u - a ring of wizardry (right hand)
 A - a +4 amulet of reflection (around neck)
 D - a cursed -4 ring of dexterity {unknown}
Wands
 z - a wand of paralysis (5)
Scrolls
 e - a scroll of remove curse
 g - 3 scrolls of identify
 k - 2 scrolls of enchant armour
 l - 2 scrolls of amnesia {unknown}
 n - a scroll of noise {unknown}
 x - a scroll of random uselessness {unknown}
 y - a scroll of fear {unknown}
Potions
 i - a potion of mutation
 m - a potion of cancellation {unknown}
 q - a potion of degeneration
 r - a potion of haste {unknown}
 w - a potion of flight
 B - a potion of brilliance {unknown}
Comestibles
 f - 4 rations


   Skills:
 - Level 2.0 Fighting
 + Level 7.0(7.2) Maces & Flails
 - Level 2.6(5.2) Staves
 - Level 1.7 Throwing
 - Level 4.8 Dodging


You had 6 spell levels left.
You didn't know any spells.
Your spell library contained the following spells:

 Spells                   Type           Power        Failure   Level  Hunger
 Animate Skeleton         Necr           N/A          32%         1    ##.....
 Apportation              Tloc           #.....       32%         1    ##.....
 Confusing Touch          Hex            #.....       32%         1    ##.....
 Summon Small Mammal      Summ           #...         32%         1    ##.....


Dungeon Overview and Level Annotations

Branches:
Dungeon (5/15)
 Temple: D:4-7

Altars:
Cheibriados
Elyvilon
Fedhas
Gozag
Hepliaklqana
Okawaru
Sif Muna
Uskayaw
Vehumet
The Shining One

Annotations:
D:3 2 transporters, Nilihum's ghost, amateur OpTm
D:5 3 runed translucent doors, Sobieck's ghost, novice CeGl


Innate Abilities, Weirdness & Mutations

You have hooves in place of feet.
You are mostly covered in molten scales. (AC +3)
Your flesh is cold resistant. (rC+)
Armour fits poorly on your strangely shaped body.
Your spells are harder to cast, but more powerful.
Potions are less effective at restoring your health.


Message History

It was a potion of degeneration.
There was something very wrong with that liquid.
You feel weakened.
You feel dopey.
You feel clumsy.
The centaur shoots an arrow.
You reflect the arrow off an invisible shield around you!
The arrow hits the centaur.
The centaur shoots an arrow.
The arrow misses you.
It was a potion of flight.
You feel very buoyant.
You fly up into the air.
The centaur unwields a +0 shortbow.
The centaur hits you!
* * * LOW HITPOINT WARNING * * *
Things that are here:
a +0 giant club; 2 arrows It was a potion of ambrosia.
You are confused.
Your system partially rejects the healing.
You feel invigorated. The centaur closely misses you. The centaur hits you.
* * * LOW HITPOINT WARNING * * *
You bump into the rock wall.
The centaur hits you!
You die...

#. .##.# ##.#.## #.
##.##.# ##..### #.##..
#.# #...### #.#..# #.#
##.##.##
###....###.#####.#...#
+.................####
#..((....#####.##
###(c##### #.# ##@#
#.# #(# #.# #(.# #.#
##.# #.# .# #.# .# .#
.# .#


You could see a centaur.

Vanquished Creatures
  Duvessa (D:4)
  An ice beast (D:5)
  2 ogres
  Blork the orc (D:5)
  Dowan (D:4)
  A scorpion (D:5)
  A howler monkey (D:3)
  A crimson imp (D:3)
  2 hounds
  2 orc wizards (D:4)
  4 adders
  3 gnolls
  An ooze (D:2)
  4 worms
  2 adder skeletons (D:4)
  5 dart slugs
  A leopard gecko (D:2)
  9 orcs
  4 giant cockroaches
  7 goblins
  8 hobgoblins
  4 jackals (D:1)
  2 quokkas
  A ball python (D:1)
  6 bats
  4 frilled lizards
  8 kobolds
  9 rats
95 creatures vanquished.

Notes
Turn   | Place    | Note
-------+----------+-------------------------------------------
     0 | D:1      | greedy the Demonspawn Gladiator began the quest for the
                  | Orb.
     0 | D:1      | Reached XP level 1. HP: 16/16 MP: 1/1
    58 | D:1      | Gained mutation: You have large cloven feet. [demonic
                  | ancestry]
    58 | D:1      | Reached XP level 2. HP: 20/22 MP: 2/2
   589 | D:1      | Gained mutation: You are partially covered in molten
                  | scales. (AC +2) [demonic ancestry]
   589 | D:1      | Reached XP level 3. HP: 18/27 MP: 3/3
   758 | D:2      | Found a blossoming altar of Fedhas.
  1018 | D:2      | Gained mutation: You have hoof-like feet. [demonic
                  | ancestry]
  1018 | D:2      | Reached XP level 4. HP: 32/33 MP: 4/4
  1429 | D:2      | Found a snail-covered altar of Cheibriados.
  1436 | D:2      | Found a shimmering blue altar of Sif Muna.
  1436 | D:2      | Found a white marble altar of Elyvilon.
  1450 | D:2      | Found a radiant altar of Vehumet.
  1450 | D:2      | Found a hazy altar of Hepliaklqana.
  1451 | D:2      | Found a glowing golden altar of the Shining One.
  1522 | D:2      | Reached skill level 1 in Maces & Flails
  1591 | D:3      | Found a hide-covered altar of Uskayaw.
  1596 | D:3      | Noticed a +0 dagger
  1596 | D:3      | Noticed a +0 dagger
  1925 | D:3      | Reached skill level 2 in Maces & Flails
  1925 | D:3      | Gained mutation: Your flesh is cold resistant. (rC+)
                  | [demonic ancestry]
  1925 | D:3      | Reached XP level 5. HP: 37/38 MP: 5/5
  2003 | D:3      | Noticed an ogre
  2011 | D:3      | Killed an ogre
  2011 | D:3      | Reached skill level 3 in Maces & Flails
  2116 | D:3      | Found a transporter.
  2118 | D:3      | Found a transporter.
  2118 | D:3      | Identified the cursed +1 dire flail "Zommotuda" {crush,
                  | Stlth+}
  2118 | D:3      | Noticed an ogre
  2118 | D:3      | Noticed an ogre
  2118 | D:3      | Noticed Nilihum's ghost (amateur OpTm)
  2119 | D:3      | Noticed an ogre
  2185 | D:3      | Found an opulent altar of Gozag.
  2392 | D:3      | Gained mutation: You have hooves in place of feet. [demonic
                  | ancestry]
  2392 | D:3      | Reached XP level 6. HP: 42/44 MP: 6/6
  2480 | D:4      | Noticed Duvessa
  2490 | D:4      | Noticed Dowan
  2772 | D:4      | Killed Duvessa
  2772 | D:4      | Reached skill level 4 in Maces & Flails
  2782 | D:4      | Killed Dowan
  2808 | D:4      | Reached skill level 5 in Maces & Flails
  2983 | D:4      | Gained mutation: You are mostly covered in molten scales.
                  | (AC +3) [demonic ancestry]
  2983 | D:4      | Reached XP level 7. HP: 18/50 MP: 7/7
  3352 | D:4      | Found an iron altar of Okawaru.
  3580 | D:5      | Entered Level 5 of the Dungeon
  3619 | D:5      | Found a runed translucent gate.
  3619 | D:5      | Found a runed translucent gate.
  3619 | D:5      | Found a runed translucent gate.
  3621 | D:5      | Noticed Sobieck's ghost (novice CeGl)
  3696 | D:5      | Noticed Blork the orc
  3710 | D:5      | Killed Blork the orc
  3710 | D:5      | Reached skill level 6 in Maces & Flails
  4245 | D:5      | Gained mutation: Your spells are a little harder to cast,
                  | but a little more powerful. [potion of mutation]
  4245 | D:5      | Gained mutation: Potions are less effective at restoring
                  | your health. [potion of mutation]
  4245 | D:5      | Gained mutation: Armour fits poorly on your strangely
                  | shaped body. [potion of mutation]
  4245 | D:5      | Gained mutation: Your spells are harder to cast, but more
                  | powerful. [potion of mutation]
  4246 | D:5      | Reached skill level 7 in Maces & Flails
  4249 | D:5      | HP: 2/50 [centaur (9)]
  4251 | D:5      | Slain by a centaur

Levels and vault maps discovered:
D:1:      minmay_arrival_up_and_down, layout_rooms, minmay_misc_feat_tower
D:2:      layout_rooms, gammafunk_temple_overflow_claw,
          overflow_temple_1_default, chequers_temple_overflow_statue_of_worship,
          first_ration
D:3:      layout_loops_ring, dancing_weapons_uskayaw,
          nicolae_gozag_cash_rules_everything_around_me, gammafunk_ghost_smash
D:4:      layout_rooms, overflow_temple_1_default, uniq_duvessa
D:5:      layout_loops_corners, gammafunk_ghost_necromancy,
          eino_small_chamber_without_monster, uniq_blork_the_orc

Skill      XL: |  1  2  3  4  5  6  7 |
---------------+----------------------+-----
Dodging        | 3 4 |  4.8
Maces & Flails | 2 3 5 7 |  7.0
Fighting       | |  2.0
Staves         | |  2.6
Throwing       | |  1.7

Action                   |  1- 3 |  4- 6 |  7- 9 || total
-------------------------+-------+-------+-------++-------
Melee: Quarterstaff      |    70 |    22 |       ||    92
       Kick              |    13 |    35 |    15 ||    63
       Whip              |       |   109 |    56 ||   165
Throw: Throwing net      |       |     3 |     1 ||     4
  Use: Scroll            |       |     2 |     2 ||     4
       Potion            |       |       |     4 ||     4
 Stab: Sleeping          |       |     2 |       ||     2
  Eat: Chunk             |       |     6 |       ||     6
       Ration            |       |       |     1 ||     1
Armor: Leather armour    |    10 |       |       ||    10
       Skin              |     2 |    21 |     3 ||    26
Dodge: Dodged            |    44 |    73 |    33 ||   150
Block: Other             |       |       |     3 ||     3
       Reflection        |       |       |     1 ||     1
